 Dungeon Crawl Stone Soup version 0.18-a0-1730-g73f0523 (webtiles) character file.

369 4thArraOfDagon the Chopper (level 6, -2/56 HPs)
             Began as a Hill Orc Berserker on Apr 10, 2016.
             Was a Believer of Trog.
             Slain by a wolf (4 damage)
             ... on level 7 of the Dungeon.
             The game lasted 00:04:13 (756 turns).

4thArraOfDagon the Chopper (Hill Orc Berserker)      Turns: 756, Time: 00:04:14

Health: -2/56      AC: 14    Str: 24    XL:     6   Next: 70%
Magic:  6/6        EV:  8    Int:  7    God:    Trog [**....]
Gold:   61         SH:  3    Dex: 10    Spells: 0 memorised, 5 levels left

rFire  . . .     SeeInvis +     a - +0 hand axe
rCold  + . .     Gourm    .     e - +0 chain mail
rNeg   . . .     Faith    .     p - +0 buckler of the Shining Light {*Corrode MR+ Str+2 SInv} (curse)
rPois  .         Spirit   .     i - +0 helmet
rElec  .         Dismiss  .     k - +0 cloak
rCorr  .         Reflect  .     (no gloves)
SustAt .         Harm     .     q - +1 pair of boots {Stlth+}
MR     +++..                    (no amulet)
Stlth  ..........               (no ring)
                                m - ring of flight

@: exhausted, regenerating, extremely resistant to hostile enchantments,
extremely unstealthy
A: cold resistance 1, mutation resistance 1
a: Berserk, Trog's Hand, Burn Spellbooks, Renounce Religion, Evoke Flight


You were on level 7 of the Dungeon.
You worshipped Trog.
Trog was pleased with you.
You were hungry.

You visited 1 branch of the dungeon, and saw 8 of its levels.

You collected 61 gold pieces.

Inventory:

Hand Weapons
 a - a +0 hand axe (weapon)
Missiles
 b - 6 curare-tipped needles
Armour
 e - a +0 chain mail (worn)
 i - a +0 helmet (worn)
 k - a +0 cloak (worn)
 p - the cursed +0 buckler of the Shining Light (worn) {*Corrode MR+ Str+2 SInv}
   (You found it on level 5 of the Dungeon)

   It affects your strength (+2).
   It affects your resistance to hostile enchantments.
   It lets you see invisible.
   It may corrode you when you take damage.
   It has a curse placed upon it.
 q - a +1 pair of boots of stealth (worn)
Jewellery
 m - a ring of flight (left hand)
Wands
 j - a wand of flame (40/48)
 l - a wand of iceblast (3/15)
 n - a wand of iceblast (5/15)
 r - a wand of paralysis (12/24)
Potions
 f - a potion of cancellation
Comestibles
 c - 2 bread rations
 d - 3 chunks of flesh
 g - 2 beef jerkies
 h - a meat ration
 s - a slice of pizza


   Skills:
 + Level 5.1 Fighting
 * Level 7.4 Axes
 + Level 4.2 Armour
 - Level 1.5 Dodging


You had 5 spell levels left.
You didn't know any spells.

Dungeon Overview and Level Annotations

Branches:
Dungeon (8/15)
 Temple: D:4-7         Lair: D:8-11

Altars:
Cheibriados
Elyvilon
Nemelex Xobeh
Ru
Xom


Innate Abilities, Weirdness & Mutations

Your flesh is cold resistant.
You are somewhat resistant to further mutation.


Message History

Found 13 stones.
Found a stone staircase leading up.
Unknown command.
Unknown command.
Your skin crawls.
You feel resistant to hostile enchantments.
You feel slightly more hungry. The wolf barely misses you. The wolf bites you.
* * * LOW HITPOINT WARNING * * *
Unknown command.
You slash the wolf!
The wolf is moderately wounded.
The wolf bites you.
* * * LOW HITPOINT WARNING * * *
The wolf bites you!
* * * LOW HITPOINT WARNING * * *
Unknown command.
Drink which item? (? for menu, Esc to quit)
It was a potion of mutation.
You feel extremely strange.
You feel resistant to cold.
You feel genetically stable. The wolf bites you.
You die...

##############
#.............
#....h@.......
#..(..........
#...<.........
##############


You could see a wolf.

Vanquished Creatures
  A crocodile (D:8)
  An orc priest (D:5)
  Crazy Yiuf (D:2)
  A hound (D:8)
  4 orc wizards (D:5)
  A worker ant (D:7)
  Terence (D:2)
  A worker ant zombie (D:5)
  An adder (D:2)
  An adder skeleton (D:5)
  3 worms (D:2)
  7 orcs (D:5)
  2 bats (D:2)
  A giant cockroach (D:5)
  A goblin (D:2)
  A quokka (D:5)
  A giant newt (D:5)
  2 rats (D:2)
31 creatures vanquished.

Notes
Turn   | Place    | Note
--------------------------------------------------------------
     0 | D:1      | 4thArraOfDagon the Hill Orc Berserker began the quest for the Orb.
     0 | D:1      | Reached XP level 1. HP: 19/19 MP: 1/1
    17 | D:2      | Noticed Terence
    19 | D:2      | Found a faded altar to an unknown god.
    22 | D:2      | Killed Terence
    22 | D:2      | Reached XP level 2. HP: 27/27 MP: 2/2
    22 | D:2      | Reached XP level 3. HP: 33/33 MP: 3/3
   159 | D:2      | Reached skill level 5 in Axes
   197 | D:2      | Noticed Crazy Yiuf
   208 | D:2      | Killed Crazy Yiuf
   208 | D:2      | Reached XP level 4. HP: 34/40 MP: 4/4
   291 | D:3      | Found a shimmering altar of Xom.
   356 | D:5      | Entered Level 5 of the Dungeon
   368 | D:5      | Reached skill level 6 in Axes
   368 | D:5      | Reached XP level 5. HP: 47/47 MP: 5/5
   441 | D:5      | Got a polished buckler
   452 | D:5      | Identified the cursed +0 buckler of the Shining Light {*Corrode MR+ Str+2 SInv} (You found it on level 5 of the Dungeon)
   462 | D:5      | Found a white marble altar of Elyvilon.
   474 | D:5      | Reached ** piety under Trog
   479 | D:5      | Reached XP level 6. HP: 55/55 MP: 6/6
   589 | D:6      | Found a sparkling altar of Nemelex Xobeh.
   604 | D:6      | Identified a scroll of acquirement
   606 | D:6      | :(*
   617 | D:7      | Found a sacrificial altar of Ru.
   678 | D:8      | Found a snail-covered altar of Cheibriados.
   716 | D:8      | Reached skill level 5 in Fighting
   716 | D:8      | Reached skill level 7 in Axes
   737 | D:8      | Noticed an ice beast
   755 | D:7      | HP: 1/56 [wolf (7)]
   756 | D:7      | Gained mutation: Your flesh is cold resistant. [potion of mutation]
   756 | D:7      | Gained mutation: You are somewhat resistant to further mutation. [potion of mutation]
   756 | D:7      | Slain by a wolf

Vault maps used:
D:1:      roderic_octagonal_star, minmay_close_crescents
D:2:      ecumenical_altar_1, uniq_terence, uniq_crazy_yiuf_cottage
D:3:      grunt_qazlal_clouds, kiku_gazebo_garden_becter, old_standard_altar,
          xom_redecorated
D:4:      lightli_temple_of_fire, serial_shops, nicolae_shop_window_shopping,
          eino_tiny_chamber, yredelemnul_altar_generic, uniq_natasha
D:5:      nicolae_overflow_crystal_walls, serial_shops, nicolae_shop_trees,
          first_bread
D:6:      nemelex_xobeh_ov_fountains_minmay
D:7:      marbit_many_paths, lemuel_coloured_pillars_altar,
          overflow_temple_1_default, lemuel_round_altar,
          minmay_temple_entry_statues_fountains, basic_altar
D:8:      grunt_pakellas_basics, slow_altar_1, due_lair_maze_entry_diamond,
          serial_ice, serial_ice_b, serial_ice_n, serial_ice_l, serial_ice_o,
          serial_ice_c, serial_ice_f, serial_ice_a, serial_ice_e, serial_ice_h,
          serial_ice_d

Skill      XL: |  1  2  3  4  5  6 |
---------------+-------------------+-----
Fighting       | 4 5 |  5.1
Axes           | 5 6 7 |  7.4
Armour         | 3 4 |  4.2
Dodging        | |  1.5

Action                   |  1- 3 |  4- 6 || total
-------------------------+-------+-------++-------
Melee: Hand axe          |    23 |    63 ||    86
Invok: Berserk           |     3 |     4 ||     7
       Trog's Hand       |       |     1 ||     1
  Use: Scroll            |       |     5 ||     5
       Potion            |       |     1 ||     1
  Eat: Chunk             |       |     6 ||     6
